 Dungeon Crawl Stone Soup version 0.22-a0-422-g9628fc87f1 (webtiles) character file.

97630 Isola the Apostle (level 16, 139/139 HPs)
             Began as a Hill Orc Fighter on Apr 6, 2017.
             Was a High Priest of Beogh.
             Quit the game on level 3 of the Shoals on May 20, 2018.
             The game lasted 01:33:24 (33557 turns).

Isola the Apostle (Hill Orc Fighter)               Turns: 33557, Time: 01:33:25

Health: 139/139    AC: 28    Str: 30    XL:     16   Next: 20%
Magic:  29/29      EV:  8    Int:  8    God:    Beogh [*****.]
Gold:   736        SH: 19    Dex: 15    Spells: 15/15 levels left

rFire    + . .     SeeInvis .   o - +3 trident (vamp)
rCold    + . .     Gourm    .   c - +0 shield
rNeg     . . .     Faith    .   Y - +1 plate armour "Ikiaphoh" {*Drain rElec Dex+5}
rPois    .         Spirit   .   O - +0 helmet
rElec    +         Reflect  +   b - scarf {rC+ rF+}
rCorr    .         Harm     .   C - +1 pair of gloves
MR       +....                  W - +2 pair of boots {Fly}
Stlth    ..........             D - +4 amulet of reflection
HPRegen  0.33/turn              m - +4 ring of strength
MPRegen  0.21/turn              x - +3 ring of protection

@: flying
A: walk on water, hooves 1, iridescent scales 1, sense surroundings 1, inhibited
regeneration, sturdy frame 1
a: Smiting, Recall Orcish Followers, Give Item to Named Follower, Renounce
Religion, Stop Flying


You were on level 3 of the Shoals.
You worshipped Beogh.
Beogh was extremely pleased with you.
You were hungry.

You visited 4 branches of the dungeon, and saw 27 of its levels.
You also visited: Labyrinth, Ossuary and Ice Cave.

You collected 2370 gold pieces.
You spent 1634 gold pieces at shops.

Inventory:

Hand Weapons
 o - a +3 vampiric trident (weapon)
 z - a +2 trident of flaming
Missiles
 s - 6 javelins (quivered)
Armour
 b - a scarf of resistance (worn)
 c - a +0 shield (worn)
 C - a +1 pair of gloves (worn)
 O - a +0 helmet (worn)
 S - +0 acid dragon scales
 W - a +2 pair of boots of flying (worn)
 Y - the +1 plate armour "Ikiaphoh" (worn) {*Drain rElec Dex+5}
   (You found it in an ice cave)

   It affects your dexterity (+5).
   It insulates you from electricity.
   It causes draining when unequipped.
Jewellery
 m - a +4 ring of strength (left hand)
 q - an uncursed ring of resist corrosion
 x - a +3 ring of protection (right hand)
 D - a +4 amulet of reflection (around neck)
 U - an uncursed ring of protection from cold
 Z - an uncursed ring of protection from cold
Wands
 p - a wand of digging (12)
 E - a wand of removedness (6)
Scrolls
 d - 14 scrolls of remove curse
 e - 12 scrolls of identify
 j - 3 scrolls of brand weapon {unknown}
 n - 7 scrolls of fog
 t - 6 scrolls of enchant weapon
 u - 4 scrolls of enchant armour
 y - 5 scrolls of fear
 F - 8 scrolls of teleportation
 L - 2 scrolls of holy word
 P - 4 scrolls of magic mapping
 Q - 4 scrolls of blinking
 R - 2 scrolls of removedness
Potions
 g - 3 potions of brilliance
 h - a potion of magic
 i - 5 potions of ambrosia
 k - 9 potions of curing
 w - 2 potions of invisibility
 A - 6 potions of haste
 G - 2 potions of berserk rage
 J - 9 potions of heal wounds
 T - 7 potions of might
 V - a potion of mutation
 X - 2 potions of agility
Comestibles
 f - 11 rations
 l - 13 rations
 r - 7 rations
 v - 2 rations


   Skills:
 * Level 11.6 Fighting
 - Level 14.0 Polearms
 * Level 11.7 Armour
 - Level 16.1 Shields
 * Level 18.5 Invocations


You had 15 spell levels left.
You didn't know any spells.
Your spell library was empty.

Dungeon Overview and Level Annotations

Branches:
Dungeon (15/15)            Temple (0/1) D:6            Lair (6/6) D:10
 Shoals (4/4) Lair:4       Spider (0/4) Lair:4        Slime (0/5) Lair:6
    Orc (2/2) D:12            Elf (0/3) Orc:2        Vaults (0/5) D:14
 Depths (0/5) D:15

Altars:
Ashenzari
Cheibriados
Dithmenos
Fedhas
Makhleb
Nemelex Xobeh
Qazlal
Trog
Uskayaw
Vehumet
Wu Jian
Xom
Yredelemnul
Zin
Jiyva

Shops:
D:7 [%}(}   D:8 ?   D:11 %*   D:12 [   D:14 !   Orc:1 [   Orc:2 (:[*

Annotations:
Shoals:3 Nergalle
Shoals:4 Polyphemus


Innate Abilities, Weirdness & Mutations

You can walk on water.
You have large cloven feet.
You are partially covered in iridescent scales. (AC +2)
You passively map a small area around you.
You do not regenerate when monsters are visible.
Your movements are slightly less encumbered by armour. (ER -2)


Message History

Level annotation: Nergalle Welcome back, Isola the Hill Orc Fighter.
Beogh says: Drown the unbelievers in a sea of blood!
Press ? for a list of commands and other information.
Level annotation: Nergalle Welcome back, Isola the Hill Orc Fighter.
Beogh says: Drown the unbelievers in a sea of blood!
Press ? for a list of commands and other information.
Save game and exit?
Level annotation: Nergalle Welcome back, Isola the Hill Orc Fighter.
Beogh says: Drown the unbelievers in a sea of blood!
Press ? for a list of commands and other information.
You are flying.
Your flying speed is average.
Your attack speed is quite fast (and cannot be improved with additional weapon skill).
Your base attributes are Str 26, Int 8, Dex 10.
You have 736 gold pieces.
There isn't anything here!
You have 736 gold pieces.
Are you sure you want to abandon this character and quit the game? (Confirm with "yes".)

≈≈≈≈≈≈≈≈≈≈≈≈≈≈≈≈≈≈≈≈≈≈≈≈≈≈≈≈≈P≈P≈
≈≈≈≈≈≈≈≈≈≈≈≈≈≈≈≈≈≈≈≈≈≈≈≈≈≈≈≈≈≈≈≈≈
≈≈≈≈≈≈≈≈≈≈≈≈≈≈≈≈≈≈≈≈≈≈≈≈≈≈≈P≈≈...
≈≈≈≈≈≈≈≈≈≈≈≈≈≈≈≈≈≈≈≈≈≈≈≈≈≈≈≈≈..##
≈≈≈≈≈≈≈≈≈≈≈≈≈≈≈≈≈≈≈≈≈≈≈≈≈≈≈≈P.###
≈≈≈≈≈≈≈≈≈≈≈≈≈≈≈≈≈≈≈≈≈≈≈≈≈≈≈≈..# #
≈≈≈≈≈≈≈≈≈≈≈≈≈≈≈≈≈≈≈≈≈≈≈≈≈≈≈≈≈.###
≈≈≈≈≈≈≈≈≈≈≈≈≈≈≈≈≈≈≈≈≈≈≈≈≈≈≈≈≈≈...
≈≈≈≈≈≈≈≈≈≈≈≈≈≈≈≈@≈≈≈≈≈≈≈≈≈)≈≈≈...
≈≈≈≈≈≈≈≈≈≈≈≈≈≈≈≈≈≈≈≈≈≈≈≈≈≈≈≈≈≈≈≈≈
≈≈≈≈≈≈≈≈≈≈≈≈≈≈≈≈≈≈≈≈≈..≈≈≈≈≈≈≈≈≈≈
≈≈≈≈≈≈≈≈≈≈≈≈≈≈≈≈≈≈≈≈≈..≈≈≈≈≈≈≈≈≈≈
≈≈≈≈≈≈≈≈≈≈≈≈≈≈≈≈≈≈≈)≈...≈≈≈≈≈≈≈≈≈
≈≈≈≈≈≈≈≈≈≈≈≈≈≈[≈≈≈≈≈≈≈≈≈o≈...≈≈≈≈
≈≈≈≈≈≈≈≈≈≈≈≈..#.≈≈≈≈≈≈≈([≈≈...≈≈≈
≈≈≈≈≈≈≈≈≈≈≈≈.###.≈≈≈≈≈.(o≈≈....≈≈
≈≈≈≈≈≈≈≈≈≈≈.## #....≈...........≈


There were no monsters in sight!

Vanquished Creatures
  Jorgrun (Shoals:3)
  Frances (Shoals:1)
  A minotaur (Lab)
  2 merfolk impalers
  A vault guard (D:14)
  8 hydras
  The ghost of Herrn the Cleaver, a journeyman FoWn of Okawaru (D:9)
  A catoblepas (Lair:2)
  2 centaur warriors
  Erica (D:11)
  A merfolk aquamancer (Shoals:3)
  A two-headed ogre (D:13)
  A death knight (D:14)
  An orc high priest (Orc:2)
  5 sea snakes
  A wizard (D:14)
  A shadow dragon zombie (D:15)
  An orc knight (Orc:2)
  4 harpies (Shoals:2)
  2 necromancers
  4 ugly things
  An orc sorcerer (Orc:2)
  3 manticores
  An elephant (Lair:6)
  2 ice statues (IceCv)
  A merfolk siren (Shoals:1)
  5 spiny frogs
  4 kobold demonologists
  A rime drake (Lair:3)
  A komodo dragon (Lair:3)
  9 ice devils (IceCv)
  2 trolls
  3 hornets (Lair:6)
  A polar bear (Lair:6)
  5 merfolk
  8 dream sheep (Lair:6)
  A blink frog (shapeshifter) (D:15)
  A slime creature (Lair:4)
  2 snapping turtles
  5 hippogriffs
  3 redbacks (Lab)
  11 spriggans (Lair:6)
  A shadow (D:14)
  A wraith (D:10)
  A vampire (D:13)
  A wyvern (Lair:3)
  A water elemental (Shoals:1)
  3 humans (D:14)
  The ghost of Isola the Poker, an amateur HOFi (D:3)
  19 yaks
  2 hungry ghosts
  3 vampire mosquitoes (D:15)
  A warg (Orc:1)
  A soldier ant (D:11)
  2 acid dragons
  3 water moccasins
  7 porcupines
  A tengu skeleton (D:15)
  3 orc warriors
  A sky beast (D:11)
  6 ice beasts
  11 ogres
  5 black bears
  2 phantoms
  17 wolves
  3 boggarts (Lair:6)
  11 centaurs
  8 crocodiles
  21 big kobolds (D:11)
  A gnoll sergeant (Orc:1)
  13 bullfrogs
  5 scorpions
  A wyvern skeleton (D:6)
  11 killer bees
  6 wights
  4 howler monkeys
  4 crimson imps
  4 centaur zombies
  3 electric eels
  3 bullfrog zombies
  13 jellies
  A quasit (D:8)
  A draconian simulacrum (IceCv)
  6 hounds
  2 orc priests
  7 orc wizards
  2 centaur skeletons
  2 iguanas (D:8)
  Jessica (D:3)
  A hell rat (Lair:6)
  5 worker ants
  4 troll simulacra (IceCv)
  A big kobold zombie (Ossuary)
  A centaur simulacrum (IceCv)
  2 hound zombies
  A hound skeleton (D:5)
  4 mummies (Ossuary)
  A howler monkey zombie (D:7)
  11 adders
  2 gnolls (Orc:1)
  4 naga simulacra (IceCv)
  2 shadow imps
  17 oozes
  2 adder zombies
  10 worms
  A dart slug (D:1)
  5 leopard geckos
  16 orcs
  9 giant cockroaches
  A gnoll zombie (Ossuary)
  6 hobgoblins
  17 jackals
  2 quokkas
  5 bats
  6 frilled lizards
  5 goblins
  2 hobgoblin zombies (Ossuary)
  34 kobolds
  A kobold zombie (Ossuary)
  A leopard gecko skeleton (D:8)
  A leopard gecko zombie (D:6)
  An orc zombie (Ossuary)
  A quokka skeleton (D:4)
  8 rats
  A plant (Shoals:2)
528 creatures vanquished.

Vanquished Creatures (collateral kills)
  Kirke (D:12)
  An orc warlord (Orc:2)
  A stone giant (Orc:1)
  A merfolk impaler (Shoals:3)
  Fannar (Lair:1)
  A hydra (Lair:4)
  2 vault guards (D:14)
  2 merfolk avatars (Shoals:2)
  6 centaur warriors
  2 two-headed ogres
  3 skeletal warriors
  2 unseen horrors
  A flayed ghost (D:15)
  6 sea snakes
  A wizard (D:14)
  2 orc knights (Orc:2)
  8 harpies
  2 necromancers (D:14)
  2 frost giant zombies (D:15)
  5 orc sorcerers
  9 ugly things
  2 deep elf magi (D:13)
  A cyclops (D:15)
  3 manticores (Shoals:2)
  4 fauns (Shoals:2)
  3 merfolk sirens
  3 water nymphs
  4 black mambas
  A centaur zombie (D:15)
  5 spiny frogs
  3 komodo dragons
  2 freezing wraiths (D:14)
  4 polar bears (Lair:6)
  A jumping spider (Lair:4)
  5 wind drakes
  7 trolls
  3 blink frogs (Lair:4)
  A hornet (Lair:6)
  A hornet (shapeshifter) (D:15)
  11 merfolk
  9 hippogriffs
  4 dream sheep (Lair:6)
  8 snapping turtles
  3 spriggans (Lair:6)
  3 water elementals (Shoals:3)
  A shadow (D:13)
  15 humans (D:14)
  2 hungry ghosts
  2 basilisks
  15 yaks
  A vampire mosquito (D:15)
  5 wargs
  An acid dragon (D:15)
  3 porcupines
  6 ice beasts
  18 orc warriors
  2 water moccasins
  A sky beast (D:12)
  A phantom (D:8)
  2 black bears
  19 wolves
  A boggart (Lair:6)
  4 centaurs
  2 ogres (Orc:2)
  2 crocodiles
  5 big kobolds
  6 bullfrogs
  A wyvern skeleton (D:9)
  A scorpion (D:8)
  7 killer bees
  A wight (D:13)
  2 crimson imps
  3 jellies
  4 orc wizards
  2 quasits (D:12)
  A bullfrog skeleton (D:12)
  6 orc priests
  2 centaur skeletons
  3 worker ants
  4 hell rats (Lair:6)
  A hound skeleton (D:9)
  A mummy (D:9)
  A gnoll (Orc:1)
  A shadow imp (D:15)
  An ooze (Lair:6)
  A leopard gecko (D:9)
  6 orcs
  A giant cockroach (D:9)
  A quokka (D:12)
  11 kobolds
  28 fungi
  39 plants
  3 withered plants (D:15)
396 creatures vanquished.

Vanquished Creatures (others)
  Nergalle (Shoals:3)
  An orc high priest (D:14)
  3 orc knights
  A sea snake (Shoals:3)
  6 orc sorcerers
  5 dream sheep (D:7)
  A yak (D:12)
  8 orc warriors
  5 centaurs
  7 orc priests
  5 orc wizards
  31 orcs
  A goblin (D:3)
  A quokka (D:6)
  A kobold (D:14)
  A rat (D:3)
  18 fungi
  12 plants
  9 withered plants (D:15)
117 creatures vanquished.

Grand Total: 1041 creatures vanquished

Notes
Turn   | Place    | Note
-------+----------+-------------------------------------------
     0 | D:1      | Isola the Hill Orc Fighter began the quest for the Orb.
     0 | D:1      | Reached XP level 1. HP: 19/19 MP: 1/1
   222 | D:1      | Reached XP level 2. HP: 27/27 MP: 2/2
   545 | D:1      | Reached XP level 3. HP: 32/33 MP: 3/3
  1046 | D:2      | Found a faded altar of an unknown god.
  1195 | D:2      | Reached XP level 4. HP: 28/40 MP: 4/4
  2154 | D:2      | Reached XP level 5. HP: 46/46 MP: 5/5
  2252 | D:3      | Became a worshipper of Beogh the Brigand
  2370 | D:3      | Noticed Isola's ghost (amateur HOFi)
  2382 | D:3      | Killed Isola's ghost
  2382 | D:3      | Reached skill level 5 in Polearms
  2382 | D:3      | Reached skill level 5 in Armour
  2382 | D:3      | Reached XP level 6. HP: 35/52 MP: 6/6
  2684 | D:3      | Noticed Jessica
  2687 | D:3      | Killed Jessica
  2763 | D:3      | Found a blossoming altar of Fedhas.
  2763 | D:3      | Found a burning altar of Makhleb.
  3325 | D:4      | Reached * piety under Beogh
  3333 | D:4      | Found a sparkling altar of Nemelex Xobeh.
  3434 | D:4      | Got a twisted large shield
  3440 | D:4      | Identified the -4 large shield of Eternal Night {-Cast rElec rN+ SInv} (You found it on level 4 of the Dungeon)
  3460 | D:5      | Entered Level 5 of the Dungeon
  3468 | D:5      | Reached XP level 7. HP: 48/58 MP: 7/7
  4042 | D:5      | Noticed a moth of wrath
  4044 | D:5      | Found a bloodstained altar of Trog.
  4445 | D:6      | Reached XP level 8. HP: 42/66 MP: 8/8
  4658 | D:6      | Found a sand-covered staircase.
  4664 | Ossuary  | Entered an ossuary
  4973 | Ossuary  | Reached ** piety under Beogh
  5127 | D:6      | You fall through a shaft!
  5127 | D:7      | Found Itoluk's Food Emporium.
  5430 | D:7      | Found Kafescho's Gadget Shop.
  5441 | D:7      | Found Viggev's Antique Armour Shop.
  5471 | D:7      | Reached XP level 9. HP: 33/72 MP: 9/9
  5481 | D:7      | Reached skill level 10 in Polearms
  5505 | D:7      | Bought a pair of glowing boots for 202 gold pieces
  5715 | D:6      | Gained mutation: Your body sometimes deteriorates upon taking damage. [potion of mutation]
  5715 | D:6      | Gained mutation: Scrolls take you a little longer to read. [potion of mutation]
  5715 | D:6      | Gained mutation: Your movements are slightly less encumbered by armour. (ER -2) [potion of mutation]
  5715 | D:6      | Gained mutation: Your spells are a little harder to cast, but a little more powerful. [potion of mutation]
  5727 | D:6      | Reached skill level 5 in Fighting
  5979 | D:6      | Got a faintly humming scale mail
  5990 | D:6      | Identified the +1 scale mail of Dacw {Regen+ Str-3 Int+3 Dex+4} (You found it on level 6 of the Dungeon)
  5997 | D:6      | Lost mutation: Your movements are slightly less encumbered by armour. (ER -2) [potion of mutation]
  5997 | D:6      | Lost mutation: Your spells are a little harder to cast, but a little more powerful. [potion of mutation]
  5997 | D:6      | Gained mutation: You are weak. (Str -2) [potion of mutation]
  5997 | D:6      | Lost mutation: You are weak. (Str -2) [potion of mutation]
  5997 | D:6      | Gained mutation: You are somewhat resistant to further mutation. [potion of mutation]
  5998 | D:6      | Lost mutation: Scrolls take you a little longer to read. [potion of mutation]
  5998 | D:6      | Lost mutation: Your body sometimes deteriorates upon taking damage. [potion of mutation]
  5998 | D:6      | Lost mutation: You are somewhat resistant to further mutation. [potion of mutation]
  5998 | D:6      | Gained mutation: You are somewhat resistant to further mutation. [potion of mutation]
  5998 | D:6      | Gained mutation: You are partially covered in iridescent scales. (AC +2) [potion of mutation]
  6091 | D:6      | Found a staircase to the Ecumenical Temple.
  6400 | D:6      | Reached *** piety under Beogh
  6665 | D:7      | Found Wyczowao's Antique Weapon Boutique.
  6674 | D:7      | Found Yleghal's Gadget Boutique.
  6836 | D:7      | Found a shimmering altar of Xom.
  7340 | D:8      | Found Bigorur's Magic Scroll Emporium.
  7503 | D:8      | Found a stormy altar of Qazlal.
  7768 | D:9      | Noticed Herrn's ghost (journeyman FoWn)
  7838 | D:9      | Killed Herrn's ghost
  7838 | D:9      | Reached skill level 5 in Shields
  7838 | D:9      | Reached XP level 10. HP: 38/86 MP: 6/10
  8452 | D:9      | Found a hide-covered altar of Uskayaw.
  8454 | D:9      | Found an ornate altar of the Wu Jian Council.
  8458 | D:9      | Reached **** piety under Beogh
  8459 | D:9      | Found a radiant altar of Vehumet.
  8459 | D:9      | Found a basalt altar of Yredelemnul.
  8464 | D:9      | Found a shadowy altar of Dithmenos.
  8464 | D:9      | Found a glowing silver altar of Zin.
  8465 | D:9      | Found a snail-covered altar of Cheibriados.
  8897 | D:9      | Found a shattered altar of Ashenzari.
  9052 | D:9      | Killed a two-headed ogre
  9077 | D:10     | Entered Level 10 of the Dungeon
  9513 | D:10     | Found a staircase to the Lair.
  9548 | D:10     | Reached skill level 1 in Invocations
  9773 | D:10     | Reached skill level 2 in Invocations
  9812 | D:10     | Reached XP level 11. HP: 92/92 MP: 12/12
 10459 | D:10     | Noticed a four-headed hydra
 10467 | D:10     | Killed a four-headed hydra
 10467 | D:10     | Reached skill level 3 in Invocations
 10723 | Lair:1   | Entered Level 1 of the Lair of Beasts
 10835 | Lair:1   | Noticed Fannar
 10839 | Lair:1   | Gained Worak as an ally
 10839 | Lair:1   | Reached skill level 4 in Invocations
 10844 | Lair:1   | Killed Fannar
 11316 | D:7      | Bought a pair of embroidered boots for 202 gold pieces
 11669 | Lair:2   | Reached skill level 5 in Invocations
 11850 | Lair:2   | Found a frozen archway.
 11902 | IceCv    | Entered an ice cave
 11987 | IceCv    | Reached skill level 6 in Invocations
 12461 | IceCv    | Reached skill level 7 in Invocations
 12812 | IceCv    | Reached XP level 12. HP: 79/100 MP: 17/17
 12936 | IceCv    | Got a jewelled plate armour
 12988 | IceCv    | Identified the +1 plate armour "Ikiaphoh" {*Drain rElec Dex+5} (You found it in an ice cave)
 13182 | Lair:2   | Noticed a catoblepas
 13200 | Lair:2   | Killed a catoblepas
 13200 | Lair:2   | Reached skill level 8 in Invocations
 13909 | Lair:3   | Noticed a six-headed hydra
 13920 | Lair:3   | Killed a six-headed hydra
 13920 | Lair:3   | Reached skill level 10 in Shields
 14590 | Lair:3   | Reached skill level 9 in Invocations
 15097 | Lair:4   | Noticed Nergalle
 15173 | Lair:4   | Found a labyrinth entrance.
 15195 | Lab      | Entered a labyrinth
 15670 | Lab      | Noticed a minotaur
 15682 | Lab      | Killed a minotaur
 15695 | Lab      | Got a steaming plate armour
 15725 | Lab      | Got a jewelled scale mail
 15766 | Lair:4   | Found a hole to the Spider Nest.
 15825 | Lair:4   | Found a staircase to the Shoals.
 16018 | Lair:4   | Reached skill level 10 in Invocations
 16025 | Lair:4   | Noticed a four-headed hydra
 16036 | Lair:4   | Killed a five-headed hydra
 16998 | Lair:5   | Reached XP level 13. HP: 110/110 MP: 21/21
 17186 | Lair:5   | Found a shimmering altar of Xom.
 17195 | Lair:5   | Identified the +2 plate armour "Botacom" {Dex+4} (You found it in a labyrinth)
 17335 | Lair:5   | Reached skill level 11 in Invocations
 17896 | Lair:6   | Entered Level 6 of the Lair of Beasts
 18055 | Lair:6   | Found a runed door.
 18057 | Lair:6   | Found a viscous altar of Jiyva.
 18059 | Lair:6   | Found a staircase to the Slime Pits.
 18567 | Lair:6   | Reached ***** piety under Beogh
 18575 | Lair:6   | Reached skill level 12 in Invocations
 19039 | Lair:6   | Reached skill level 13 in Invocations
 20293 | D:11     | Identified a scroll of acquirement
 20378 | D:11     | Found Najos's Changing Room.
 20464 | D:11     | Gained Gorm as an ally
 20590 | D:11     | Found Tiyzxatie's Food Shoppe.
 20826 | D:11     | Noticed Erica
 20841 | D:11     | Killed Erica
 20841 | D:11     | Reached XP level 14. HP: 116/116 MP: 24/24
 20925 | D:11     | Gained Gorg as an ally
 21099 | D:12     | Reached skill level 14 in Invocations
 21199 | D:12     | Your ally Gorm died
 21243 | D:12     | Reached ****** piety under Beogh
 21528 | D:12     | Gained Margrim as an ally
 21577 | D:12     | Found Begi's Armour Shoppe.
 21579 | D:12     | Found a staircase to the Orcish Mines.
 21846 | D:12     | Noticed Kirke
 21858 | D:12     | Gained Ogrik as an ally
 21869 | D:12     | Killed Kirke
 22727 | D:13     | Reached skill level 15 in Invocations
 23368 | Orc:1    | Entered Level 1 of the Orcish Mines
 23850 | Orc:2    | Entered Level 2 of the Orcish Mines
 23864 | Orc:2    | Reached skill level 15 in Shields
 24045 | Orc:2    | Noticed an orc warlord
 24065 | Orc:2    | Killed an orc warlord
 24075 | Orc:2    | Found Kibbiom's Book Boutique.
 24218 | Orc:2    | Found a staircase to the Elven Halls.
 24221 | Orc:2    | Found Huyb Tyd's Antique Weapon Boutique.
 24303 | Orc:2    | Gained Wargath as an ally
 24322 | Orc:2    | Found Naplynoh's Antique Armour Boutique.
 24512 | Orc:2    | Found Icre's General Store.
 25327 | D:7      | Bought a glowing trident for 169 gold pieces
 25402 | D:7      | Gained mutation: Your body sometimes deteriorates upon taking damage. [mutagenic glow]
 25403 | D:7      | Lost mutation: You are somewhat resistant to further mutation. [potion of mutation]
 25403 | D:7      | Lost mutation: You are partially covered in iridescent scales. (AC +2) [potion of mutation]
 25403 | D:7      | Lost mutation: Your body sometimes deteriorates upon taking damage. [potion of mutation]
 25403 | D:7      | Gained mutation: You do not regenerate when monsters are visible. [potion of mutation]
 25403 | D:7      | Gained mutation: You expend magic power (3 MP) to strengthen your wands. [potion of mutation]
 25403 | D:7      | Gained mutation: You can translocate small distances at will. [potion of mutation]
 25403 | D:7      | Gained mutation: You have a pair of small antennae on your head. [potion of mutation]
 25404 | D:7      | Lost mutation: You have a pair of small antennae on your head. [potion of mutation]
 25404 | D:7      | Lost mutation: You expend magic power (3 MP) to strengthen your wands. [potion of mutation]
 25404 | D:7      | Lost mutation: You can translocate small distances at will. [potion of mutation]
 25404 | D:7      | Gained mutation: Your spells are a little harder to cast, but a little more powerful. [potion of mutation]
 25404 | D:7      | Gained mutation: You tend to lose your temper in combat. [potion of mutation]
 25404 | D:7      | Gained mutation: Armour fits poorly on your strangely shaped body. [potion of mutation]
 25404 | D:7      | Gained mutation: You passively map a small area around you. [potion of mutation]
 25529 | D:11     | Bought a potion of mutation for 136 gold pieces
 25529 | D:11     | Bought a potion of mutation for 136 gold pieces
 25599 | D:11     | Lost mutation: Armour fits poorly on your strangely shaped body. [potion of mutation]
 25599 | D:11     | Gained mutation: You are weak. (Str -2) [potion of mutation]
 25599 | D:11     | Gained mutation: You have large cloven feet. [potion of mutation]
 25600 | D:11     | Lost mutation: Your spells are a little harder to cast, but a little more powerful. [potion of mutation]
 25600 | D:11     | Lost mutation: You are weak. (Str -2) [potion of mutation]
 25600 | D:11     | Lost mutation: You tend to lose your temper in combat. [potion of mutation]
 25600 | D:11     | Gained mutation: Your movements are slightly less encumbered by armour. (ER -2) [potion of mutation]
 25600 | D:11     | Gained mutation: You are partially covered in iridescent scales. (AC +2) [potion of mutation]
 25737 | D:14     | Found Rimiunar's Distillery.
 25749 | D:14     | Bought 2 potions of heal wounds for 130 gold pieces
 25914 | Orc:1    | Noticed a stone giant
 25924 | Orc:1    | Killed a stone giant
 25924 | Orc:1    | Reached skill level 16 in Invocations
 26210 | Orc:2    | Bought a scroll of teleportation for 36 gold pieces
 26210 | Orc:2    | Bought a scroll of blinking for 90 gold pieces
 26328 | D:14     | Bought 2 potions of might for 104 gold pieces
 26328 | D:14     | Bought a potion of haste for 130 gold pieces
 26328 | D:14     | Bought a potion of invisibility for 104 gold pieces
 26328 | D:14     | Bought a potion of haste for 130 gold pieces
 26328 | D:14     | Bought a potion of berserk rage for 65 gold pieces
 26984 | D:14     | Found a burning altar of Makhleb.
 27032 | D:14     | Reached XP level 15. HP: 123/123 MP: 27/27
 27101 | D:14     | Found a gate to the Vaults.
 27304 | D:14     | Reached skill level 17 in Invocations
 27443 | D:14     | Your ally Ogrik died
 27514 | D:15     | Entered Level 15 of the Dungeon
 27573 | D:15     | Found a hide-covered altar of Uskayaw.
 27864 | D:15     | Gained Ogrik as an ally
 28213 | D:15     | Reached skill level 10 in Armour
 28225 | D:15     | Found a staircase to the Depths.
 28858 | Shoals:1 | Entered Level 1 of the Shoals
 29156 | Shoals:1 | Reached skill level 10 in Fighting
 29805 | Shoals:1 | Noticed Frances
 29811 | Shoals:1 | Killed Frances
 30879 | Shoals:2 | Gained Ugrim as an ally
 31467 | Shoals:2 | Reached skill level 18 in Invocations
 32189 | Shoals:3 | Reached XP level 16. HP: 122/137 MP: 27/29
 32192 | Shoals:3 | Your ally Ugrim died
 32195 | Shoals:3 | Your ally died
 32368 | Shoals:3 | Noticed Jorgrun
 32374 | Shoals:3 | Killed Jorgrun
 32733 | Shoals:3 | Upgraded the game from 0.20-a0-960-ge493e74 to 0.20-a0-970-gcd8f41e
 33491 | Shoals:4 | Entered Level 4 of the Shoals
 33491 | Shoals:4 | Noticed Polyphemus
 33557 | Shoals:3 | Upgraded the game from 0.20-a0-970-gcd8f41e to 0.22-a0-422-g9628fc87f1
 33557 | Shoals:3 | Quit the game

Vault maps used:
D:1:      dpeg_arrival_stone_temple_mockup
D:2:      chequers_ecumenical_altar_island, first_bread
D:3:      gammafunk_temple_overflow_wave, kennysheep_crisscross, hex_medium,
          uniq_jessica
D:4:      nemelex_xobeh_ov_fountains_minmay
D:5:      tgw_trog
D:6:      temple_fountains, gup_ossuary_entry_pyramid
D:7:      kb_xom_exploding_sheep, serial_shops, shop, shop, nicolae_shop_stone,
          nicolae_shop_statue_plus, shop
D:8:      basic_altar, serial_shops, kennysheep_mini_moat
D:9:      lemuel_round_altar, grunt_temple_overflow_open, blue_anna_alchemist
D:10:     lair_entry_dummy
D:11:     serial_shops, nicolae_shop_behind_doors, nicolae_transmutations_shop,
          uniq_erica
D:12:     orc_david_3, serial_co_window_serial, co_window_paths_a,
          co_window_paths_a, co_window_paths_a, co_window_corner_a,
          co_window_corner_a, co_window_of_opportunity_a,
          co_window_of_opportunity_a, co_window_corner_a, co_window_corner_a,
          co_window_unsneaky_path_c, co_window_broadway_b, co_window_corner_b,
          co_window_corner_ca, glass_columns_c, glass_columns_b,
          glass_columns_a, glass_columns_a, minmay_gold_behind_fungi, uniq_kirke
D:14:     grunt_vaults_entry_tiered, serial_shops, shop,
          minmay_misc_feat_plants, makhleb_altar_promises_db
D:15:     gammafunk_depths_entry_grave, basic_altar
Lair:1:   uniq_fannar
Lair:2:   portal_ice_cave_entry_ice_beasts, nicolae_quartered_pool_little
Lair:3:   minmay_holes
Lair:4:   lemuel_slime, minmay_shoals_entry_centaurs, spider_nest_entry_rubble,
          lab_entry_generic, serial_bayou_pond_e, serial_bayou_shore_a,
          uniq_nergalle
Lair:5:   basic_altar, grunt_megastairs_1, lemuel_fruit_tree
Lair:6:   minmay_lair_end_enchanted_forest, slime_altar_2
Shoals:1: uniq_frances
Shoals:2: nicolae_shoals_dead_sea_scrolls
Shoals:3: uniq_jorgrun
Shoals:4: shoals_end_grunt_ice, shoals_ilsuiw_ice, uniq_polyphemus
Orc:2:    grunt_orc_gardens, grunt_orc_garden, grunt_orc_garden,
          grunt_orc_garden, grunt_orc_garden
Lab:      labyrinth_spiral, labyrinth_skeletal_remains,
          nicolae_lab_flowing_pool, labyrinth_fake_exit,
          nicolae_lab_checkerboard, nicolae_lab_very_dead_end,
          nicolae_lab_garden, nicolae_lab_big_swirl
Ossuary:  ossuary_crypta
IceCv:    ice_cave_tombish

Skill      XL: |  1  2  3  4  5  6  7  8  9 10 11 12 13 14 15 |
---------------+----------------------------------------------+-----
Polearms       | 3 4 5 6 8 9 11 12 13 14 | 14.0
Armour         | 4 5 6 7 8 9 11 | 11.7
Fighting       | 4 7 8 11 | 11.6
Shields        | 5 7 9 11 14 15 16 | 16.1
Invocations    | 2 7 10 13 16 18 | 18.5

Action                   |  1- 3 |  4- 6 |  7- 9 | 10-12 | 13-15 | 16-18 || total
-------------------------+-------+-------+-------+-------+-------+-------++-------
Melee: Trident           |   136 |   244 |   601 |   865 |  1687 |    77 ||  3610
Throw: Tomahawk          |     4 |       |     1 |       |       |       ||     5
       Javelin           |       |       |     1 |       |       |       ||     1
Invok: Convert to Beogh  |       |     1 |       |       |       |       ||     1
       Smiting           |       |       |     1 |    11 |    12 |     4 ||    28
       Recall Orcish Fol |       |       |       |    10 |    30 |     5 ||    45
       Resurrection      |       |       |       |       |       |     1 ||     1
Evoke: Wand              |       |       |       |     3 |    11 |       ||    14
  Use: Potion            |       |     1 |     8 |     7 |     7 |       ||    23
       Scroll            |       |     4 |    13 |    10 |    10 |       ||    37
 Stab: Paralysed         |       |       |       |     7 |    12 |       ||    19
       Distracted        |       |       |       |     3 |    16 |       ||    19
  Eat: Chunk             |     1 |     8 |    13 |    25 |    47 |     4 ||    98
       Buggy fruit       |       |       |     1 |     6 |     3 |       ||    10
       Ration            |       |       |       |       |     1 |       ||     1
Armor: Scale mail        |    80 |   101 |   205 |   132 |       |       ||   518
       Plate armour      |       |       |    36 |   269 |   468 |    31 ||   804
Dodge: Dodged            |    60 |    97 |   166 |   179 |   193 |    21 ||   716
Block: Shield            |       |       |       |    47 |   935 |    63 ||  1045
       Other             |       |       |       |     9 |       |       ||     9
       Reflection        |       |       |       |     3 |    63 |     2 ||    68

Table legend:
 A = Spawn XP
 B = Non-spawn XP
 C = Spawn XP percentage of total XP
 D = Spawn monster count
 E = Non-spawn monster count
 F = Spawn count percentage of total count
 G = Total turns spent on level
                    A         B        C        D         E        F      G
               +---------+---------+-------+---------+---------+-------+---------
         Total |       0 |       0 |   N/A |       0 |       0 |   N/A |     0
               +---------+---------+-------+---------+---------+-------+---------
               +---------+---------+-------+---------+---------+-------+---------
